AoeStats
← PRIMUS INTER PARES

Black Forest

504808194Analyzed
3v3 RM · 24d ago on Sep 6, 2026· 85m 23s· 6 players
Game mode
Random Map
Map size
Normal (6 player)
Population
200
Speed
Normal
Resources
Standard
Victory
Conquest
Starting age
Dark Age
Ending age
Imperial Age
RankedLock teamsTeams togetherTeam positionsShared explorationLock speedFull tech treeHidden civsTurbo modeCheats
Victory
Defeat
🇺🇸 Portuguese · United States
511
+12
🇨🇳 Turks · China
329
+20
🇭🇰 Poles · Hong Kong SAR China
329
+20
🇻🇳 Vietnamese · Vietnam
491
-20
🇹🇷 Byzantines · Türkiye
404
-17
🇨🇴 Poles · Colombia
358
-15
samil.nergiz07
1:10 Loom
19:23 Feudal Age
21:51 Wheelbarrow
20:59 Horse Collar
21:55 Double-Bit Axe
23:02 Gold Mining
23:04 Stone Mining
30:10 Forging
30:00 Scale Mail Armor
30:05 Scale Barding Armor
29:51 Fletching
30:01 Padded Archer Armor
33:05 Castle Age
35:20 Hand Cart
35:17 Bow Saw
35:19 Heavy Plow
35:55 Gold Shaft Mining
35:57 Stone Shaft Mining
38:30 Caravan
39:09 Iron Casting
38:50 Chain Mail Armor
38:55 Chain Barding Armor
38:30 Bodkin Arrow
38:50 Leather Archer Armor
42:55 Ballistics
49:03 Imperial Age
48:33 Thumb Ring
47:49 Crossbowman
49:18 Arson
49:33 Squires
48:54 Pikeman
49:19 Gambesons
48:55 Man-at-Arms
50:07 Long Swordsman
50:07 Halberdier
50:11 Arbalester
50:15 Elite Cataphract
PRIMUS INTER PARES
16:25 Loom
31:49 Feudal Age
33:09 Wheelbarrow
32:20 Horse Collar
34:14 Double-Bit Axe
34:23 Gold Mining
34:26 Stone Mining
40:51 Castle Age
41:52 Caravan
43:58 Hand Cart
Dai Viet
13:40 Feudal Age
11:56 Loom
20:21 Castle Age
21:40 Double-Bit Axe
26:50 Gold Mining
29:24 Horse Collar
29:59 Bow Saw
33:04 Imperial Age
33:09 Padded Archer Armor
33:10 Scale Mail Armor
33:21 Forging
33:02 Fletching
35:18 Heavy Plow
36:24 Two-Man Saw
36:56 Wheelbarrow
37:51 Hand Cart
38:07 Pikeman
38:48 Squires
38:11 Elite Skirmisher
41:16 Crop Rotation
42:01 Leather Archer Armor
41:41 Bodkin Arrow
42:22 Iron Casting
42:03 Chain Mail Armor
45:05 Chemistry
44:02 Murder Holes
43:59 Heated Shot
44:29 Ballistics
44:46 Ring Archer Armor
44:16 Bracer
46:15 Plate Mail Armor
45:19 Halberdier
45:22 Imperial Skirmisher
46:08 Thumb Ring
52:58 Fortified Wall
52:36 Arrowslits
56:50 Caravan
64:02 Elite Rattan Archer
65:17 Hoardings
luial10
13:38 Feudal Age
15:56 Wheelbarrow
15:03 Horse Collar
15:10 Double-Bit Axe
16:36 Gold Mining
16:38 Stone Mining
16:54 Town Watch
22:01 Forging
25:02 Scale Mail Armor
27:45 Castle Age
27:50 Arson
29:07 Hand Cart
28:52 Town Patrol
29:05 Bow Saw
29:00 Heavy Plow
30:36 Stone Shaft Mining
32:10 Husbandry
33:33 Caravan
34:45 Bloodlines
33:56 Light Cavalry
35:15 Treadmill Crane
35:55 Fortified Wall
37:44 Ballistics
37:16 Guard Tower
37:38 Masonry
37:23 Murder Holes
37:59 Pikeman
38:33 Fletching
38:43 Padded Archer Armor
44:28 Imperial Age
43:26 Scale Barding Armor
43:38 Leather Archer Armor
43:19 Bodkin Arrow
44:50 Loom
46:16 Chemistry
45:52 Keep
45:48 Architecture
46:19 Conscription
49:28 Two-Man Saw
48:40 Arquebus
48:21 Halberdier
48:30 Cavalier
49:48 Crop Rotation
49:33 Bracer
50:40 Onager
55:46 Elite Organ Gun
57:42 Iron Casting
57:28 Chain Barding Armor
57:24 Chain Mail Armor
57:39 Ring Archer Armor
57:19 Siege Engineers
57:35 Bombard Tower
62:01 Plate Mail Armor
62:06 Plate Barding Armor
62:36 Blast Furnace
3391171610
4:58 Loom
10:50 Feudal Age
20:50 Castle Age
19:23 Horse Collar
21:31 Heavy Plow
21:21 Double-Bit Axe
22:44 Gold Mining
27:06 Bow Saw
28:18 Stone Mining
29:20 Wheelbarrow
32:13 Gold Shaft Mining
33:30 Hand Cart
37:15 Imperial Age
35:39 Fletching
35:49 Padded Archer Armor
37:25 Caravan
37:55 Coinage
38:34 Leather Archer Armor
38:15 Bodkin Arrow
40:41 Two-Man Saw
42:24 Ring Archer Armor
42:26 Elite Janissary
44:12 Conscription
44:22 Ballistics
45:05 Ring Archer Armor
44:36 Bracer
46:10 Fortified Wall
46:31 Masonry
47:54 Artillery
48:18 Sipahi
48:35 Hoardings
48:53 Banking
48:35 Guilds
51:52 Architecture
51:00 Heavy Scorpion
52:27 Sappers
53:33 Hoardings
54:15 Forging
54:05 Scale Mail Armor
54:11 Scale Barding Armor
54:49 Bloodlines
54:41 Husbandry
54:02 Cavalier
54:05 Heavy Camel Rider
56:04 Squires
55:50 Arson
55:26 Man-at-Arms
58:46 Iron Casting
58:26 Chain Mail Armor
58:32 Chain Barding Armor
58:28 Crossbowman
58:31 Heavy Cavalry Archer
59:37 Parthian Tactics
59:17 Thumb Ring
65:10 Blast Furnace
64:40 Plate Mail Armor
64:46 Plate Barding Armor
2519544242
1:09 Loom
15:34 Feudal Age
17:37 Wheelbarrow
19:48 Horse Collar
19:57 Double-Bit Axe
21:34 Gold Mining
21:34 Stone Mining
29:15 Castle Age
27:27 Forging
27:18 Scale Mail Armor
27:23 Scale Barding Armor
27:19 Padded Archer Armor
27:09 Fletching
30:18 Hand Cart
30:18 Bow Saw
30:15 Heavy Plow
30:21 Caravan
30:46 Light Cavalry
31:37 Bloodlines
31:27 Husbandry
30:50 Pikeman
33:02 Coinage
32:57 Squires
32:43 Arson
35:36 Iron Casting
35:16 Chain Mail Armor
36:43 Stone Shaft Mining
42:25 Chain Barding Armor
42:00 Bodkin Arrow
42:21 Leather Archer Armor
45:49 Town Watch
46:50 Town Patrol
50:19 Imperial Age
48:55 Man-at-Arms
49:36 Long Swordsman
51:33 Elite Obuch
52:22 Szlachta Privileges
52:40 Lechitic Legacy
52:58 Hoardings
52:47 Conscription
54:35 Blast Furnace
54:05 Plate Mail Armor
53:36 Bracer
54:23 Winged Hussar
54:25 Cavalier
54:27 Two-Handed Swordsman
62:02 Banking
64:07 Masonry
63:40 Treadmill Crane
64:22 Ballistics
65:05 Chemistry
64:14 Siege Engineers
64:10 Murder Holes
64:31 Fortified Wall
64:13 Guard Tower
64:12 Arrowslits
68:49 Elite Skirmisher
69:37 Thumb Ring
68:53 Crossbowman
71:40 Arbalester
Connection lost

Rejoining the realm…

Still unreachable

The connection could not be restored.

Session expired

The server has moved on; the page needs a fresh start.